 Dungeon Crawl Stone Soup version 0.25-a0-100-g33052ceff8 (webtiles) character file.

Game seed: 14226339244372049428, levelgen mode: deterministic

118 vurker the Magician (level 4, 0/32 HPs)
             Began as a Mummy Fire Elementalist on Nov 14, 2019.
             Slain by a hound (2 damage)
             ... on level 2 of the Dungeon.
             The game lasted 00:04:21 (2920 turns).

vurker the Magician (Mummy Fire Elementalist)       Turns: 2920, Time: 00:04:22

Health: 0/32       AC:  3    Str: 11    XL:     4   Next: 72%
Magic:  1/9        EV: 11    Int: 15    God:
Gold:   141        SH:  0    Dex: 12    Spells: 9/10 levels left

rFire    . . .     SeeInvis .   e - +0 dagger
rCold    . . .     Gourm    .   (no shield)
rNeg     + + +     Faith    .   b - +0 leather armour
rPois    ∞         Spirit   .   (no helmet)
rElec    .         Reflect  .   (no cloak)
rCorr    .         Harm     +   (no gloves)
MR       .....                  (no boots)
Stlth    +.........             h - amulet of harm
HPRegen  0.10/turn              a - ring of fire
MPRegen  0.11/turn              (no ring)

@: very slightly contaminated
A: no food or potions, fire vulnerability, cold resistance 1, negative energy
resistance 3, torment resistance, unbreathing
a: no special abilities


You were on level 2 of the Dungeon.
You were not hungry.

You visited 1 branch of the dungeon, and saw 3 of its levels.

You collected 141 gold pieces.

Inventory:

Hand Weapons
 e - a +0 dagger (weapon)
   (You took it off a goblin on level 1 of the Dungeon)
Armour
 b - a +0 leather armour (worn)
   (You found it on level 1 of the Dungeon)
 i - a +1 buckler
   (You found it on level 3 of the Dungeon)
Jewellery
 a - a ring of fire (left hand)
   (You found it on level 2 of the Dungeon)
 h - an amulet of harm (around neck)
   (You found it on level 3 of the Dungeon)
Scrolls
 d - a scroll of fog
 f - a scroll of identify


   Skills:
 + Level 1.2 Fighting
 - Level 1.5 Dodging
 - Level 1.5 Stealth
 * Level 0.0 Shields
 * Level 3.9 Spellcasting
 * Level 2.1 Conjurations
 * Level 3.2 Fire Magic


You had 9 spell levels left.
You knew the following spells:

 Your Spells              Type           Power        Failure   Level  Hunger
a - Flame Tongue          Conj/Fire      ###..        9%          1    N/A

Your spell library contained the following spells:

 Spells                   Type           Power        Failure   Level  Hunger
 Throw Flame              Conj/Fire      ###...       12%         2    N/A
 Conjure Flame            Conj/Fire      ###.....     24%         3    N/A
 Inner Flame              Hex/Fire       ##......     36%         3    N/A
 Sticky Flame             Conj/Fire      ###.....     63%         4    N/A
 Fireball                 Conj/Fire      ###.......   92%         5    N/A

Dungeon Overview and Level Annotations

Branches:
Dungeon (3/15)

Altars:
Xom


Innate Abilities, Weirdness & Mutations

You do not eat or drink.
Your flesh is vulnerable to fire.
You are immune to poison.
Your flesh is cold resistant. (rC+)
You are immune to negative energy. (rN+++)
You are immune to unholy pain and torment.
You can survive without breathing.


Message History

A mysterious force pulls you upwards. The hatch slams shut behind you.
The hound bites you. The hound bites you but does no damage.
Things that are here:
30 stones; a +0 club The hound bites you.
Aim: a hound You feel a surge of power!
The flame tongue misses the hound.
The hound completely misses you. The hound barely misses you.
You see here a +0 chain mail.
The hound closely misses you.
The hound stops to sniff the ground.
The hound bites you.
Your magical contamination has completely faded away.
The hound barely misses you.
There is an open door here.
The hound bites you.
* * * LOW HITPOINT WARNING * * *
Aim: a hound You feel a surge of power!
The flame tongue hits the hound.
The hound closely misses you.
You hit the hound but do no damage. The hound barely misses you.
The hound closely misses you.
You hit the hound. The hound bites you but does no damage.
You closely miss the hound. The hound bites you.
* * * LOW HITPOINT WARNING * * *
The hound bites you.
* * * LOW HITPOINT WARNING * * *
As you read the scroll labeled BOQ MUEWIADIC, it crumbles to dust.
It is a scroll of enchant armour.
Your buckler glows green for a moment.
The hound completely misses you.
As you read the scroll labeled WELUOS ICWI, it crumbles to dust.
You feel as if something is helping you.
It was a scroll of remove curse.
The hound bites you but does no damage. The hound closely misses you.
The hound bites you.
* * * LOW HITPOINT WARNING * * *
Okay, then.
Aim: a hound (moderately wounded)
You feel a surge of power!
You miscast Flame Tongue.
You are very lightly contaminated with residual magic.
Nothing appears to happen.
The hound barely misses you.
You hit the hound but do no damage. The hound closely misses you.
The hound barely misses you.
You barely miss the hound. The hound misses you.
You hit the hound. The hound bites you.
* * * LOW HITPOINT WARNING * * *
The hound bites you.
You die...

.# #.#.# #.....# .#
#######.#.##############.....# .#
#..........##..........#.....# .#
#..........##..........#.....# ##
#..........##..........#......
####..........##..........###....
..##..........##...........##....
..#########..########......##....
..# #.>...@h..'....[...(...
..###################......##....
..................# #......##....
..#######...††....# #......######
..# #.........# #......# ..#
#.........###......# ..#
########...........# ..#####
###########.# .<.%..# #.#


You could see a hound.

Vanquished Creatures
  3 adders (D:2)
  3 worms
  A dart slug (D:2)
  9 orcs
  2 giant cockroaches (D:2)
  5 goblins
  11 hobgoblins
  5 jackals
  10 kobolds
  7 bats
  4 frilled lizards
  7 rats
67 creatures vanquished.

Notes
Turn   | Place    | Note
-------+----------+-------------------------------------------
     0 | D:1      | vurker the Mummy Fire Elementalist began the quest for the
                  | Orb.
     0 | D:1      | Reached XP level 1. HP: 13/13 MP: 4/4
   130 | D:1      | Reached skill level 1 in Conjurations
   327 | D:1      | Reached XP level 2. HP: 20/20 MP: 3/6
  1038 | D:2      | Reached XP level 3. HP: 25/25 MP: 5/7
  1559 | D:2      | Reached skill level 1 in Fighting
  1687 | D:2      | Reached XP level 4. HP: 32/32 MP: 4/9
  2752 | D:3      | Found a shimmering altar of Xom.
  2890 | D:3      | Noticed an ogre
  2920 | D:2      | Slain by a hound

Levels and vault maps discovered:
D:1:      roderic_crossed_star, layout_basic
D:2:      layout_basic
D:3:      layout_basic, xom_teletrap_fun

Skill      XL: |  1  2  3  4 |
---------------+-------------+-----
Conjurations   | 1 2 |  2.1
Spellcasting   | 3 |  3.9
Fire Magic     | 3 |  3.2
Fighting       | 1 |  1.2
Dodging        | |  1.5
Stealth        | |  1.5

Action                   |  1- 3 |  4- 6 || total
-------------------------+-------+-------++-------
Melee: Dagger            |     1 |    16 ||    17
 Cast: Flame Tongue      |    68 |    61 ||   129
  Use: Scroll            |     2 |     2 ||     4
Armor: Leather armour    |    12 |     9 ||    21
Dodge: Dodged            |    19 |    29 ||    48

Table legend:
 A = Non-vault XP
 B = Vault XP
 C = Vault XP percentage of total XP
 D = Non-vault monster count
 E = Vault monster count
 F = Vault count percentage of total count
                 A         B        C        D         E       F
            +---------+---------+-------+---------+---------+-------
      Total |     169 |       0 |   0.0 |      67 |       0 |   0.0
            +---------+---------+-------+---------+---------+-------
        D:1 |      40 |       0 |   0.0 |      23 |       0 |   0.0
        D:2 |      89 |       0 |   0.0 |      27 |       0 |   0.0
        D:3 |      40 |       0 |   0.0 |      17 |       0 |   0.0
            +---------+---------+-------+---------+---------+-------
